 Dungeon Crawl Stone Soup version 0.19.5 (webtiles) character file.

3841 graki42 the Firebug (level 9, -28/65 HPs)
             Began as a Demonspawn Fire Elementalist on May 2, 2017.
             Was an Initiate of Vehumet.
             Annihilated by Fingolfin's ghost (34 damage)
             ... on level 8 of the Dungeon.
             The game lasted 00:30:44 (8467 turns).

graki42 the Firebug (Demonspawn Fire Elementalist)  Turns: 8467, Time: 00:30:52

Health: -28/65     AC:  5    Str: 11    XL:     9   Next: 98%
Magic:  15/19      EV: 14    Int: 19    God:    Vehumet [......]
Gold:   491        SH:  0    Dex: 15    Spells: 5 memorised, 6 levels left

rFire  . . .     SeeInvis .     A - +2 whip (elec)
rCold  . . .     Gourm    .     L - +0 robe (curse)
rNeg   . . .     Faith    .     (no shield)
rPois  .         Spirit   .     (no helmet)
rElec  .         Reflect  .     P - +0 cloak
rCorr  .         Harm     .     f - +0 pair of gloves
MR     .....                    H - -2 pair of boots (curse)
Stlth  ++........               (no amulet)
                                J - +3 ring of strength
                                M - ring of flight

@: no status effects
A: rugged brown scales 2, powered by pain 1, spiny 1
a: Renounce Religion, Evoke Flight


You were on level 8 of the Dungeon.
You worshipped Vehumet.
Vehumet was noncommittal.
You were not hungry.

You visited 2 branches of the dungeon, and saw 9 of its levels.

You collected 491 gold pieces.

Inventory:

Hand Weapons
 k - a +1 dagger of venom
 A - a +2 whip of electrocution (weapon)
Missiles
 g - 12 javelins (quivered)
Armour
 f - a +0 pair of gloves (worn)
 H - a cursed -2 pair of boots (worn)
 L - a cursed +0 robe (worn)
 P - a +0 cloak (worn)
Jewellery
 J - a +3 ring of strength (right hand)
 M - a ring of flight (left hand)
Wands
 a - a wand of iceblast (6/15)
 p - a wand of lightning (9/15)
 K - a wand of confusion (22/48)
Scrolls
 d - 5 scrolls of remove curse {unknown}
 e - 3 scrolls of recharging {unknown}
 l - 3 scrolls of fog {unknown}
 o - 2 scrolls of enchant armour {unknown}
 r - a scroll of fear {unknown}
 t - 3 scrolls of enchant weapon {unknown}
 v - a scroll of blinking {unknown}
 w - a scroll of magic mapping {unknown}
 x - 3 scrolls of teleportation {unknown}
 y - a scroll of amnesia {unknown}
 E - a scroll of immolation {unknown}
 N - 3 scrolls of silence {unknown}
Potions
 b - a potion of mutation
 i - a potion of berserk rage
 j - 3 potions of brilliance
 m - a potion of lignification
 n - 3 potions of cure mutation
 s - 2 potions of haste
 u - 2 potions of curing
 z - a potion of agility
 B - 3 potions of flight
 C - a potion of might
 F - a potion of ambrosia
 G - a potion of magic
Books
 I - a book of Battle

   Spells                             Type                      Level
   a - Infusion                       Charms                       1
   b - Shroud of Golubria             Charms/Translocation         2
   c - Song of Slaying                Charms                       2
   d - Spectral Weapon                Hexes/Charms                 3
   e - Regeneration                   Charms/Necromancy            3
Comestibles
 c - 4 bread rations
 h - 3 meat rations
 q - a beef jerky
 D - a slice of pizza


   Skills:
 + Level 2.7 Fighting
 + Level 0.3 Short Blades
 + Level 1.4 Maces & Flails
 + Level 1.8 Throwing
 + Level 4.0 Dodging
 + Level 3.5 Stealth
 + Level 7.3 Spellcasting
 + Level 6.4 Conjurations
 + Level 0.4 Hexes
 + Level 7.5 Fire Magic


You had 6 spell levels left.
You knew the following spells:

 Your Spells              Type           Power        Failure   Level  Hunger
a - Flame Tongue          Conj/Fire      ####.        1%          1    None
b - Conjure Flame         Conj/Fire      ####....     1%          3    #......
c - Inner Flame           Hex/Fire       ###.....     8%          3    #......
d - Sticky Flame          Conj/Fire      ####....     8%          4    ###....
e - Fireball              Conj/Fire      ####......   17%         5    #####..


Dungeon Overview and Level Annotations

Branches:
Dungeon (8/15)             Temple (1/1) D:7
   Lair: D:8-11

Altars:
Cheibriados
Dithmenos
Elyvilon
Fedhas
Gozag
Makhleb
Nemelex Xobeh
Okawaru
Qazlal
Ru
Sif Muna
Trog
Uskayaw
Vehumet
Xom
Yredelemnul
Zin
The Shining One

Shops:
D:7 }

Annotations:
D:8 Fingolfin's ghost, novice TrBe


Innate Abilities, Weirdness & Mutations

You are mostly covered in rugged brown scales. (AC +2, +5% HP)
You sometimes gain a little power by taking damage.
You are partially covered in sharp spines.


Message History

The flame tongue hits Fingolfin's ghost.
Fingolfin's ghost appears unharmed.
Fingolfin's ghost is heavily damaged.
Fingolfin's ghost is engulfed in roaring flames.
Fingolfin's ghost hits you!!
Ouch! That really hurt!
* * * LOW HITPOINT WARNING * * *
You focus on the pain.
You feel your power returning.
Casting: Flame Tongue
Confirm with . or Enter, or press ? or * to list all spells.
Aiming: Sticky Flame
Press: ? - help, Shift-Dir - straight line, f/p - Fingolfin's ghost
Aim: Fingolfin's ghost (flame, heavily damaged)
The sticky flame hits Fingolfin's ghost.
Fingolfin's ghost is heavily damaged.
Fingolfin's ghost is engulfed in roaring flames.
Fingolfin's ghost is struck by your spines.
Fingolfin's ghost hits you!!
Ouch! That really hurt!
You die...

##.......######....#####....
##......##.#....### ####
#..#.........###
##..........###
#...........#
##...........##
#.............#
#...........#W##
#...........#@.#
#..........###.## ###
#........### #..## ###.. #
#......### ##..## ###.... ##
#....### #....### ##......
.###.#### ##...#..###.......
.##.## ###
#..#..#........... ..#.#
###.# ##.....#...........
..#.####...#
#..#>..............


You could see Fingolfin's ghost.

Vanquished Creatures
  Prince Ribbit (D:5)
  The ghost of alfred1011 the Sneak, an amateur SpEn (D:3)
  A steam dragon (D:8)
  Grum (D:8)
  Menkaure (D:5)
  2 sky beasts
  2 orc warriors (D:6)
  3 phantoms
  4 ogres
  3 wolves (D:8)
  3 centaurs
  A big kobold (D:8)
  A bullfrog (D:7)
  A wyvern zombie (D:6)
  3 scorpions
  3 killer bees (D:8)
  2 howler monkeys
  3 crimson imps
  A quasit (D:7)
  3 hounds
  A jelly (D:5)
  2 bullfrog zombies (D:6)
  An orc priest (D:7)
  A bullfrog skeleton (D:4)
  2 centaur skeletons (D:7)
  Jessica (D:3)
  4 iguanas
  8 orc wizards
  3 worker ants
  2 hound skeletons
  6 adders
  7 gnolls
  2 shadow imps
  2 oozes
  2 adder skeletons
  A worm (D:5)
  3 dart slugs
  6 leopard geckos
  15 orcs
  3 giant cockroaches
  11 hobgoblins
  4 jackals
  6 quokkas
  7 bats
  4 frilled lizards
  8 goblins
  14 kobolds
  A leopard gecko zombie (D:8)
  A quokka skeleton (D:8)
  A quokka zombie (D:7)
  5 rats
174 creatures vanquished.

Notes
Turn   | Place    | Note
-------+----------+-------------------------------------------
     0 | D:1      | graki42 the Demonspawn Fire Elementalist began the quest for the Orb.
     0 | D:1      | Reached XP level 1. HP: 13/13 MP: 3/3
   494 | D:1      | Gained mutation: You are partially covered in sharp spines. [demonic ancestry]
   494 | D:1      | Reached XP level 2. HP: 18/19 MP: 3/5
  1096 | D:2      | Gained mutation: You sometimes gain a little power by taking damage. [demonic ancestry]
  1096 | D:2      | Reached XP level 3. HP: 21/24 MP: 1/6
  1537 | D:2      | Gained mutation: You are partially covered in rugged brown scales. (AC +1, +3% HP) [demonic ancestry]
  1537 | D:2      | Reached XP level 4. HP: 20/30 MP: 2/7
  1594 | D:3      | Learned a level 3 spell: Conjure Flame
  1598 | D:3      | Noticed alfred1011's ghost (amateur SpEn)
  1598 | D:3      | Learned a level 3 spell: Inner Flame
  2361 | D:3      | Noticed Jessica
  2389 | D:3      | Killed Jessica
  2389 | D:3      | Reached XP level 5. HP: 37/37 MP: 5/9
  2726 | D:3      | Killed alfred1011's ghost
  2726 | D:3      | Reached skill level 1 in Fighting
  2726 | D:3      | Reached XP level 6. HP: 38/44 MP: 2/11
  3377 | D:4      | Reached XP level 7. HP: 45/49 MP: 3/12
  3405 | D:4      | Learned a level 4 spell: Sticky Flame
  3776 | D:4      | Reached skill level 1 in Throwing
  4223 | D:5      | Entered Level 5 of the Dungeon
  4418 | D:5      | Noticed Prince Ribbit
  4423 | D:5      | Killed Prince Ribbit
  4466 | D:5      | Reached skill level 5 in Fire Magic
  4491 | D:5      | Gained mutation: You are mostly covered in rugged brown scales. (AC +2, +5% HP) [demonic ancestry]
  4491 | D:5      | Reached XP level 8. HP: 51/58 MP: 1/15
  4522 | D:5      | Found a blossoming altar of Fedhas.
  4646 | D:5      | Reached skill level 5 in Spellcasting
  4876 | D:5      | Noticed Menkaure
  4883 | D:5      | Killed Menkaure
  4976 | D:6      | Reached skill level 1 in Maces & Flails
  5009 | D:6      | Reached skill level 5 in Conjurations
  5528 | D:6      | Found a faded altar of an unknown god.
  5528 | D:6      | Found a faded altar of an unknown god.
  5533 | D:6      | Found a stormy altar of Qazlal.
  5535 | D:6      | Found a faded altar of an unknown god.
  5540 | D:6      | Found a bloodstained altar of Trog.
  5917 | D:6      | Reached XP level 9. HP: 65/65 MP: 10/18
  5924 | D:6      | Learned a level 5 spell: Fireball
  6192 | D:7      | Found a staircase to the Ecumenical Temple.
  6216 | Temple   | Entered the Ecumenical Temple
  6379 | Temple   | Became a worshipper of Vehumet
  7243 | D:7      | Found Jiext's Gadget Boutique.
  7304 | D:8      | Noticed Grum
  7331 | D:8      | Killed Grum
  7619 | D:8      | Noticed Fingolfin's ghost (novice TrBe)
  8192 | D:8      | Found a blossoming altar of Fedhas.
  8467 | D:8      | Annihilated by Fingolfin's ghost

Skill      XL: |  1  2  3  4  5  6  7  8  9 |
---------------+----------------------------+-----
Stealth        | 2 3 |  3.5
Dodging        | 2 3 4 |  4.0
Fire Magic     | 3 4 5 6 7 |  7.5
Conjurations   | 2 3 4 5 6 |  6.4
Spellcasting   | 3 4 6 7 |  7.3
Fighting       | 1 2 |  2.7
Throwing       | 1 |  1.8
Maces & Flails | 1 |  1.4
Short Blades   | |  0.3
Hexes          | |  0.4

Action                   |  1- 3 |  4- 6 |  7- 9 || total
-------------------------+-------+-------+-------++-------
Melee: Unarmed           |     1 |       |       ||     1
       Dagger            |     4 |    12 |     5 ||    21
       Whip              |       |       |    31 ||    31
Throw: Javelin           |     1 |    13 |     3 ||    17
       Throwing net      |       |       |     2 ||     2
 Cast: Flame Tongue      |    70 |   100 |   199 ||   369
       Conjure Flame     |       |     1 |    13 ||    14
       Inner Flame       |       |     1 |     2 ||     3
       Sticky Flame      |       |       |    23 ||    23
       Fireball          |       |       |     4 ||     4
  Use: Scroll            |     2 |       |    12 ||    14
 Stab: Sleeping          |       |       |     1 ||     1
  Eat: Chunk             |     2 |     5 |    21 ||    28
       Pizza             |       |     1 |       ||     1
Armor: Robe              |     9 |    13 |    18 ||    40
Dodge: Dodged            |    37 |    32 |    71 ||   140
